 Dungeon Crawl Stone Soup version 0.29.1-15-g9cfb28693d (webtiles) character file.

Game seed: 5397874610748091024

1785 BiteMe the Magician (level 8, -1/54 HPs)
             Began as a Demonspawn Fire Elementalist on Mar 7, 2023.
             Slain by a killer bee (7 damage)
             ... on level 6 of the Dungeon.
             The game lasted 01:02:30 (9099 turns).

BiteMe the Magician (Demonspawn Fire Elementalist)  Turns: 9099, Time: 01:02:32

Health: -1/54      AC:  8    Str: 15    XL:     8   Next: 81%
Magic:  18/18      EV: 12    Int: 19    God:
Gold:   551        SH:  0    Dex: 13    Spells: 12/21 levels left

rFire   . . .      SeeInvis .   I - +0 trident
rCold   . . .      Faith    .   (no shield)
rNeg    . . .      Spirit   .   a - +0 robe
rPois   .          Reflect  .   (no helmet)
rElec   .          Harm     .   (no cloak)
rCorr   .          Rampage  .   q - +2 pair of gloves
Will    .....                   (no boots)
Stlth   +.........              (no amulet)
HPRegen 0.18/turn               b - +6 ring of strength
MPRegen 0.32/turn               (no ring)

@: confused, mighty, lethally poisoned (-1 -> -10), ambrosia-drunk, invisible
A: claws 1, thin metallic scales 2, magic regeneration, condensation shield
a: no special abilities


You were on level 6 of the Dungeon.
You visited 1 branch of the dungeon, and saw 6 of its levels.

You collected 596 gold pieces.
You spent 45 gold pieces at shops.

Inventory:

Hand Weapons
 g - a +0 falchion
 F - a +0 long sword
 I - a +0 trident (weapon)
Missiles
 G - 2 javelins (quivered)
Armour
 a - a +0 robe (worn)
 e - a +0 tower shield
 l - a +0 kite shield
 m - a +0 ring mail
 q - a +2 pair of gloves (worn)
 x - an orb of mayhem
 z - a +0 buckler
 E - a +0 plate armour
Jewellery
 b - a +6 ring of strength (left hand)
Wands
 d - a wand of roots (4)
Scrolls
 c - a scroll of teleportation
 o - 2 scrolls of amnesia
 p - a scroll of magic mapping
 D - 3 scrolls of immolation
Potions
 r - a potion of attraction
 v - 2 potions of lignification
 H - a potion of ambrosia


   Skills:
 + Level 1.0 Fighting
 - Level 0.8 Short Blades
 - Level 0.1 Throwing
 * Level 2.9 Dodging
 - Level 1.7 Stealth
 * Level 2.1 Shields
 * Level 7.0 Spellcasting
 * Level 4.1 Conjurations
 * Level 6.3 Fire Magic


You had 12 spell levels left.
You knew the following spells:

 Your Spells              Type           Power      Damage    Failure   Level
a - Foxfire               Conj/Fire      100%       2x1d9     1%          1
b - Scorch                Fire           60%        2d8       1%          2
c - Conjure Flame         Conj/Fire      26%        6-21      3%          3
d - Inner Flame           Hex/Fire       18%        N/A       9%          3

Your spell library contained the following spells:

 Spells                   Type           Power      Damage    Failure   Level
 Flame Wave               Conj/Fire      26%        2d8       12%         4
 Summon Lightning Spire   Summ/Air       6%         N/A       69%         4
 Storm Form               Tmut/Air       3%         N/A       100%        7
 Maxwell's Capacitive Co  Air            3%         ∞         100%        8


Dungeon Overview and Level Annotations

Branches:
Dungeon (6/15)
 Temple: D:4-7

Altars:
Kikubaaqudgha
Trog

Shops:
D:3 [   D:5 ?:=:=[


Innate Abilities, Weirdness & Mutations

You have sharp fingernails.
You are mostly covered in thin metallic scales. (AC +3)
You regenerate magic rapidly.
A meltable shield of frost defends you. (SH +4)


Message History

You block the killer bee's attack. The killer bee stings you.
The killer bee completely misses you. The killer bee stings you!
The killer bee stings you.
Casting: Scorch (safe; 1% risk of failure)
Confirm with . or Enter, or press ? or * to list all spells.
Flames lash the killer bee.
The killer bee is burned terribly!
You kill the killer bee!
You feel sick. The killer bee stings you. The killer bee stings you!
* * * LOW HITPOINT WARNING * * *
The killer bee stings you but does no damage.
The killer bee stings you.
* * * LOW HITPOINT WARNING * * *
You are lethally poisoned!
The killer bee poisons you! The killer bee closely misses you.
The killer bee completely misses you.
Your Spellcasting skill increases to level 7!
You are confused.
You feel invigorated.
* * * LOW HITPOINT WARNING * * *
You feel very sick.
The killer bee is no longer more vulnerable to fire.
The killer bee barely misses you. x2; The killer bee closely misses you.
The killer bee stings you but does no damage.
The killer bee barely misses you. The killer bee stings you.
* * * LOW HITPOINT WARNING * * *
You are more poisoned.
The killer bee poisons you!
It was a potion of invisibility.
You fade into invisibility!
* * * LOW HITPOINT WARNING * * *
You feel very sick.
The killer bee stings you but does no damage.
The killer bee barely misses you. The killer bee closely misses you. x4
It was a potion of might.
You feel very mighty all of a sudden.
* * * LOW HITPOINT WARNING * * *
You feel very sick.
The killer bee is no longer more vulnerable to fire.
The killer bee barely misses you. The killer bee stings you!
You die...

..###..# ..................#
....>. ..................####.
...... ............#†<.......
.....# ..........#.........
...... #................. ......
.#.... ##.#...............
.............##....#...#.........
..........#..##yyy.#.............
.........#....##@†##.......##....
.............###.........#.# #.#.
..............##.........#
.............>............#
...................##.#...#
#.......[..........##.#...
###................##...###
##........................#
.#...........#............##


You could see 3 killer bees.

Vanquished Creatures
  A kobold demonologist (D:5)
  A water moccasin (D:5)
  A sky beast (D:5)
  An ice beast (D:6)
  An ogre (D:6)
  A phantom (D:5)
  A bullfrog (D:6)
  A scorpion (D:6)
  6 killer bees
  A howler monkey (D:5)
  2 jellies
  2 orc priests
  2 hounds (D:6)
  A gnoll bouda (D:3)
  2 iguanas
  Natasha (D:4)
  4 orc wizards
  10 gnolls
  5 adders
  2 river rats (D:5)
  A white imp (D:6)
  3 worms
  A dart slug (D:5)
  12 orcs
  4 ball pythons
  8 endoplasms
  6 giant cockroaches
  7 goblins
  4 hobgoblins
  4 jackals (D:1)
  2 quokkas
  4 bats
  2 frilled lizards (D:1)
  3 kobolds
  4 rats
111 creatures vanquished.

Vanquished Creatures (others)
  An orc wizard (D:5)
  278 foxfires
  3 plants (D:6)
  3 withered plants (D:3)
285 creatures vanquished.

Grand Total: 396 creatures vanquished

Notes
Turn   | Place    | Note
-------+----------+-------------------------------------------
     0 | D:1      | BiteMe the Demonspawn Fire Elementalist began the quest for
                  | the Orb.
     0 | D:1      | Reached XP level 1. HP: 13/13 MP: 3/3
   455 | D:1      | Gained mutation: You have sharp fingernails. [demonic
                  | ancestry]
   455 | D:1      | Reached XP level 2. HP: 17/19 MP: 0/5
   831 | D:2      | Found a faded altar of an unknown god.
   901 | D:2      | Gained mutation: A meltable shield of frost defends you.
                  | (SH +4) [demonic ancestry]
   901 | D:2      | Reached XP level 3. HP: 24/24 MP: 1/6
  1246 | D:2      | Learned a level 2 spell: Scorch
  3402 | D:4      | Noticed Natasha
  3408 | D:4      | Killed Natasha
  3409 | D:4      | Reached XP level 4. HP: 30/30 MP: 2/8
  3409 | D:4      | Noticed a lemure
  3410 | D:4      | Noticed a phantom
  4046 | D:3      | Found an ancient bone altar of Kikubaaqudgha.
  4337 | D:3      | Found Roujerch's Antique Armour Shoppe.
  5150 | D:3      | Reached skill level 3 in Spellcasting
  5150 | D:3      | Gained mutation: You are partially covered in thin metallic
                  | scales. (AC +2) [demonic ancestry]
  5150 | D:3      | Reached XP level 5. HP: 35/35 MP: 4/9
  5329 | D:5      | Entered Level 5 of the Dungeon
  5329 | D:5      | Noticed a water moccasin
  5329 | D:5      | Found Cisseid's Book Shoppe.
  5335 | D:5      | Killed a water moccasin
  5350 | D:5      | Gained mutation: You are mostly covered in thin metallic
                  | scales. (AC +3) [demonic ancestry]
  5350 | D:5      | Reached XP level 6. HP: 13/41 MP: 1/11
  5615 | D:5      | Reached skill level 4 in Spellcasting
  5621 | D:5      | Found Boakkuil's Self-Improvement Boutique.
  5651 | D:5      | Found Vigogarid's Jewellery Shop.
  5713 | D:5      | Found Buzo's Antique Armour Boutique.
  5809 | D:5      | Found Lasuitt's Jewellery Shoppe.
  6286 | D:5      | Learned a level 3 spell: Conjure Flame
  6290 | D:5      | Learned a level 3 spell: Inner Flame
  6305 | D:5      | Found Kyuskyli's Magic Scroll Boutique.
  6322 | D:5      | Reached XP level 7. HP: 47/47 MP: 7/14
  6725 | D:5      | Reached skill level 5 in Spellcasting
  7156 | D:5      | Noticed a kobold demonologist
  7161 | D:5      | Noticed a sixfirhy
  7162 | D:5      | Killed a kobold demonologist
  7163 | D:5      | Reached skill level 1 in Shields
  7163 | D:5      | Reached skill level 5 in Fire Magic
  7552 | D:5      | Identified a scroll of acquirement
  7552 | D:5      | Acquired 377 gold pieces
  7628 | D:5      | Bought a scroll of teleportation for 45 gold pieces
  7645 | D:5      | Gained mutation: You regenerate magic rapidly. [demonic
                  | ancestry]
  7645 | D:5      | Reached XP level 8. HP: 25/53 MP: 2/16
  7980 | D:6      | Reached skill level 6 in Spellcasting
  8332 | D:6      | Found a bloodstained altar of Trog.
  8390 | D:6      | Reached skill level 1 in Fighting
  9097 | D:6      | Reached skill level 7 in Spellcasting
  9099 | D:6      | Slain by a killer bee

Illustrated notes

Levels and vault maps discovered:
D:1:      evilmike_arrival_plus, layout_rooms, minmay_misc_feat_doors,
          due_unseen_surprise
D:2:      layout_basic, ebering_ecumenical_altar_ruins, serial_curves,
          eino_curves_03, eino_curves_03, reono_crystal_passage
D:3:      layout_loops_ring, kiku_gazebo_garden_becter, serial_shops,
          nicolae_shop_statue_plus
D:4:      layout_rooms, good_gods_mini_temple, old_standard_altar,
          nicolae_elevator_lobby_plus, uniq_blork_the_orc, uniq_pikel,
          uniq_natasha
D:5:      layout_basic, serial_shops, nicolae_shop_advertising_works
          [nicolae_subvault_shop_adworks], shop, nicolae_shop_hallway_stairs,
          kennysheep_mini_moat, nicolae_shop_hallway_plus, portal_sewer_entry_e,
          nicolae_shop_self_help
D:6:      layout_cave_pools, nicolae_overflow_hidden_temple, fedhas_altar_1

Skill      XL: |  1  2  3  4  5  6  7  8 |
---------------+-------------------------+-----
Fire Magic     | 3 4 5 6 |  6.3
Conjurations   | 2 3 4 |  4.1
Spellcasting   | 3 4 5 7 |  7.0
Dodging        | 2 |  2.9
Shields        | 1 2 |  2.1
Fighting       | 1 |  1.0
Short Blades   | |  0.8
Throwing       | |  0.1
Stealth        | |  1.7

Action                   |  1- 3 |  4- 6 |  7- 9 || total
-------------------------+-------+-------+-------++-------
Melee: Short sword       |     8 |     9 |       ||    17
       Trident           |       |       |    11 ||    11
Throw: Javelin           |       |     5 |     4 ||     9
       Boomerang         |       |     3 |       ||     3
 Cast: Foxfire           |    62 |    48 |    48 ||   158
       Scorch            |     1 |    28 |    52 ||    81
       Conjure Flame     |       |       |     3 ||     3
  Use: Scroll            |       |     9 |     8 ||    17
       Potion            |       |     7 |     3 ||    10
 Stab: Sleeping          |       |     1 |       ||     1
Armor: Robe              |     2 |     9 |    38 ||    49
Dodge: Dodged            |     8 |    14 |    47 ||    69
Block: Other             |     1 |     6 |     6 ||    13
